 Dungeon Crawl Stone Soup version 0.29.1-13-g9f3cf754e1 (webtiles) character file.

Game seed: 12980807109538764385

0 Thatpatchoflichen the Stinger (level 1, -1/13 HPs)
             Began as a Demonspawn Venom Mage on Feb 2, 2023.
             Slain by a goblin
             ... wielding a +0 club
              (3 damage)
             ... on level 1 of the Dungeon.
             The game lasted 00:00:54 (167 turns).

Thatpatchoflichen the Stinger (DsVM)                 Turns: 167, Time: 00:00:55

Health: -1/13      AC:  2    Str:  8    XL:     1   Next: 8%
Magic:  0/3        EV: 12    Int: 16    God:
Gold:   0          SH:  0    Dex: 13    Spells: 3/4 levels left

rFire   . . .      SeeInvis .   (no weapon)
rCold   . . .      Faith    .   (no shield)
rNeg    . . .      Spirit   .   a - +0 robe
rPois   .          Reflect  .   (no helmet)
rElec   .          Harm     .   (no cloak)
rCorr   .          Rampage  .   (no gloves)
Will    .....                   (no boots)
Stlth   ++........              (no amulet)
HPRegen 0.04/turn               (no ring)
MPRegen 0.08/turn               (no ring)

@: no status effects
A: no striking features
a: no special abilities


You were on level 1 of the Dungeon.
You visited 1 branch of the dungeon, and saw 1 of its levels.

Inventory:

Missiles
 d - 2 throwing nets
Armour
 a - a +0 robe (worn)
Scrolls
 c - a scroll of fear {unknown}
Potions
 b - a potion of magic


   Skills:
 + Level 0.0 Fighting
 + Level 1.7 Dodging
 + Level 1.7 Stealth
 + Level 2.0 Spellcasting
 - Level 0.8 Transmutations
 + Level 3.0 Poison Magic


You had 3 spell levels left.
You knew the following spells:

 Your Spells              Type           Power      Damage    Failure   Level
a - Sting                 Tmut/Pois      28%        1d4       10%         1

Your spell library contained the following spells:

 Spells                   Type           Power      Damage    Failure   Level
 Poisonous Vapours        Pois/Air       12%        N/A       17%         2
 Mephitic Cloud           Conj/Pois/Air  4%         N/A       38%         3
 Olgreb's Toxic Radiance  Pois           11%        N/A       52%         4


Dungeon Overview and Level Annotations

Branches:
Dungeon (1/15)

Altars:


Message History

You kill the bat!
Magic restored.
HP restored.
d - 2 throwing nets (gained 1)
An endoplasm comes into view.
A goblin comes into view. It is wielding a +0 club.
The goblin shouts!
The endoplasm quivers.
You hit the endoplasm but do no damage. The endoplasm completely misses you.
Aiming: Sting (safe; 10% risk of failure)
Press: ? - help, Q - select action, (/) - cycle Shift-Dir - straight line, f - endoplasm
Aim: an endoplasm (97% to hit)
The sting hits the endoplasm.
The endoplasm partially resists.
The endoplasm is lightly wounded.
The endoplasm freezes you.
You are frozen.
Aiming: Sting (safe; 10% risk of failure)
Press: ? - help, Q - select action, (/) - cycle Shift-Dir - straight line, f/p - endoplasm
Aim: an endoplasm (lightly wounded, 97% to hit)
The sting hits the endoplasm.
The endoplasm is poisoned.
The endoplasm is moderately wounded.
The goblin barely misses you.
The endoplasm hits you but does no damage.
Aiming: Sting (safe; 10% risk of failure)
Press: ? - help, Q - select action, (/) - cycle Shift-Dir - straight line, f/p - endoplasm
Aim: an endoplasm (heavily wounded, poisoned, 97% to hit)
The sting hits the endoplasm.
The endoplasm looks even sicker.
The endoplasm is severely wounded.
The goblin hits you but does no damage. The endoplasm freezes you.
You are frozen.
You don't have enough magic to cast this spell.
Unknown command.
You don't have enough magic to cast this spell.
You barely miss the goblin. The endoplasm freezes you.
You are frozen.
* * * LOW HITPOINT WARNING * * *
The goblin hits you with a +0 club.
You die...

## ## ... ###
##.###.## ..
##........
#.#####.J...#.#
#......g@.....#
##..####.....#.#
##...#####...##
#.#.........##
#####...######.#
........## .#
####.....# .#
#......# .#
######.###### ..


You could see an endoplasm (very poisoned) and a goblin.

Vanquished Creatures
  A bat (D:1)
1 creature vanquished.

Notes
Turn   | Place    | Note
-------+----------+-------------------------------------------
     0 | D:1      | Thatpatchoflichen the Demonspawn Venom Mage began the quest
                  | for the Orb.
     0 | D:1      | Reached XP level 1. HP: 13/13 MP: 3/3
   167 | D:1      | Slain by a goblin

Illustrated notes

Levels and vault maps discovered:
D:1:      dpeg_arrival_water_fire, layout_loops_ring,
          dreamdust_ecumenical_altar_statues,
          nicolae_concentric_dashed_squares_mild

Action                   || total
-------------------------++-------
Melee: Unarmed           ||     2
 Cast: Sting             ||     4
Armor: Robe              ||     2
Dodge: Dodged            ||     2
